 Dungeon Crawl Stone Soup version 0.30.0-11-gf55b779eaf (webtiles) character file.

Game seed: 6658711219240718272

209 GigaChad the Shooter (level 6, -2/47 HPs)
             Began as a Formicid Hunter on May 17, 2023.
             Was a Believer of Okawaru.
             Slain by an orc priest
             ... wielding a +0 mace
              (4 damage)
             ... on level 3 of the Dungeon.
             The game lasted 00:02:25 (2174 turns).

GigaChad the Shooter (Formicid Hunter)              Turns: 2174, Time: 00:02:25

Health: -2/47      AC:  8    Str: 18    XL:     6   Next: 12%
Magic:  6/6        EV:  8    Int:  8    God:    Okawaru [**....]
Gold:   86         SH:  0    Dex: 17    Spells: 5/5 levels left

rFire   . . .        a - +1 shortbow
rCold   . . .        (no shield)
rNeg    . . .        j - +0 chain mail
rPois   .            (helmet unavailable)
rElec   .            (no cloak)
rCorr   .            (no gloves)
SInv    +            (no boots)
Will    .....        (no amulet) Stlth
                     (no ring)
HPRegen 0.27/turn    (no ring)
MPRegen 0.10/turn

%: no passive effects
@: no status effects
A: permanent stasis, dig shafts and tunnels, antennae 3, four strong arms
a: Dig, Shaft Self, Renounce Religion, Heroism


You were on level 3 of the Dungeon.
You worshipped Okawaru.
Okawaru was pleased with you.
You visited 1 branch of the dungeon, and saw 3 of its levels.

You collected 86 gold pieces.

Inventory:

Hand Weapons
 a - a +1 shortbow (weapon)
 i - a +0 falchion
Armour
 c - a +0 leather armour
 j - a +0 chain mail (worn)
Scrolls
 b - 2 scrolls of immolation
 d - 3 scrolls of identify
 k - 4 scrolls of teleportation {unknown}
Potions
 e - 2 potions of curing {unknown}
 f - a potion of might
 g - a potion of attraction {unknown}
 h - 2 potions of brilliance {unknown}
 l - a potion of berserk rage {unknown}


   Skills:
 * Level 3.0 Fighting
 * Level 1.1 Long Blades
 * Level 6.1 Ranged Weapons
 * Level 1.6 Armour
 - Level 1.8 Dodging
 - Level 1.2 Stealth


You had 5 spell levels left.
You didn't know any spells.
Your spell library contained the following spells:

 Spells                   Type           Power      Damage    Failure   Level
 Apportation              Tloc           0%         N/A       99%         1
 Alistair's Intoxication  Tmut/Pois      0%         N/A       100%        5
 Summon Small Mammal      Summ           Unusable   N/A       N/A         1
 Call Canine Familiar     Summ           Unusable   N/A       N/A         3
 Summon Guardian Golem    Hex/Summ       Unusable   N/A       N/A         3

Dungeon Overview and Level Annotations

Branches:
Dungeon (3/15)

Altars:
Okawaru


Innate Abilities, Weirdness & Mutations

You cannot be hasted, slowed, berserked, paralysed or teleported.
You can dig through walls and to a lower floor.
You have a pair of large antennae on your head. (SInv)
Your four strong arms can wield two-handed weapons with a shield.


Message History

The orc priest hits you but does no damage.
The frilled lizard closely misses you.
You shoot an arrow. The arrow hits the orc wizard.
The orc wizard is almost dead.
The bat hits you but does no damage. The orc wizard closely misses you.
The orc closely misses you.
The orc priest invokes the aid of Beogh against you.
Pain shoots through your body! The orc hits you but does no damage.
The frilled lizard bites you but does no damage.
The orc wizard barely misses you. The orc priest hits you with a +0 mace.
* * * LOW HITPOINT WARNING * * *
The orc hits you but does no damage. The frilled lizard barely misses you.
The orc hits you with a +0 club.
* * * LOW HITPOINT WARNING * * *
The bat hits you but does no damage.
You shoot an arrow.
The arrow closely misses the orc wizard.
The bat closely misses you.
The orc wizard hits you with a +0 dagger.
* * * LOW HITPOINT WARNING * * *
The orc hits you but does no damage.
The frilled lizard bites you but does no damage.
The orc priest calls down the wrath of Beogh upon you.
You struggle to resist.
The orc barely misses you. The frilled lizard bites you.
* * * LOW HITPOINT WARNING * * *
The bat barely misses you. The orc priest closely misses you.
The orc hits you with a +0 hand axe.
* * * LOW HITPOINT WARNING * * *
The orc closely misses you.
The orc wizard hits you but does no damage.
Unknown command.
You shoot an arrow.
The arrow closely misses the orc wizard.
The bat hits you but does no damage. The orc barely misses you.
The orc wizard hits you but does no damage.
The orc closely misses you.
The frilled lizard bites you but does no damage.
The orc priest hits you with a +0 mace.
You die...

{ ## ..^ ....
##########.....
#......o.......
#.....o@l..#
+.....oo...#
#..........#
#.....b....#
............+
..........###
......#+#.#
...... [#


You could see an orc priest, an orc wizard (invisible), 2 orcs, a bat and a
frilled lizard.

Vanquished Creatures
  Sigmund (D:2)
  An adder (D:2)
  A worm (D:2)
  A dart slug (D:1)
  2 bats
  An endoplasm (D:1)
  2 giant cockroaches
  2 goblins (D:1)
  2 hobgoblins
  11 jackals
  8 kobolds
  4 quokkas
  A ball python (D:2)
  3 frilled lizards
  3 rats
43 creatures vanquished.

Notes
Turn   | Place    | Note
-------+----------+-------------------------------------------
     0 | D:1      | GigaChad the Formicid Hunter began the quest for the Orb.
     0 | D:1      | Reached XP level 1. HP: 16/16 MP: 1/1
    84 | D:1      | Reached XP level 2. HP: 14/22 MP: 2/2
   410 | D:1      | Reached XP level 3. HP: 21/28 MP: 3/3
  1291 | D:2      | Reached skill level 1 in Armour
  1470 | D:2      | Found a faded altar of an unknown god.
  1471 | D:2      | Noticed a floating eye
  1473 | D:2      | Noticed a floating eye
  1479 | D:2      | Noticed an eye of devastation
  1495 | D:2      | Reached skill level 5 in Ranged Weapons
  1495 | D:2      | Reached XP level 4. HP: 33/34 MP: 4/4
  1495 | D:2      | Noticed a great orb of eyes
  1500 | D:2      | Prayed at the altar of an unknown god.
  1500 | D:2      | Became a worshipper of Warmaster Okawaru
  1500 | D:2      | Reached * piety under Okawaru
  1747 | D:2      | Noticed Sigmund
  1765 | D:2      | Killed Sigmund
  1765 | D:2      | Reached ** piety under Okawaru
  1766 | D:2      | Reached skill level 1 in Long Blades
  1766 | D:2      | Reached skill level 6 in Ranged Weapons
  1766 | D:2      | Reached XP level 5. HP: 31/41 MP: 5/5
  1766 | D:2      | Reached XP level 6. HP: 35/47 MP: 6/6
  2173 | D:3      | HP: 2/47 [orc/+0 hand axe (3)]
  2174 | D:3      | Slain by an orc priest

Illustrated notes

Levels and vault maps discovered:
D:1:      dpeg_arrival_central, layout_loops_ring, minmay_tetromino_o2
D:2:      minmay_evil_eye, layout_basic, serial_curves, eino_curves_01,
          eino_curves_01, hellmonk_ecumenical_altar_watching_god,
          guppyfry_early_lair_pool, uniq_sigmund
D:3:      layout_basic, mainiacjoe_overflow_surrounded_room, slow_altar_1,
          nicolae_hepliaklqana_hazy_memory, grunt_ministairs_13, uniq_grinder

Skill      XL: |  1  2  3  4 |
---------------+-------------+-----
Armour         | 1 |  1.6
Ranged Weapons | 5 6 |  6.1
Fighting       | 3 |  3.0
Long Blades    | 1 |  1.1
Dodging        | |  1.8
Stealth        | |  1.2

Action                     |  1- 3 |  4- 6 || total
---------------------------+-------+-------++-------
   Fire: Shortbow          |    94 |    43 ||   137
Ability: Dig               |       |     2 ||     2
    Use: Scroll            |     4 |       ||     4
 Armour: Leather armour    |    27 |       ||    27
         Chain mail        |    32 |    39 ||    71
  Dodge: Dodged            |    68 |    39 ||   107
